Sharks vs Devils

Created - 25 novembre 2017 at 20:32

Goals
1 2 3 OT1 SO T
Sharks 1 1 1 0 2 4
Devils 1 1 1 0 1 3
Shots
1 2 3 OT1 SO T
Sharks 13 10 9 3 5 35
Devils 13 7 8 1 5 29

1st period

1. Sharks , Andrej Sustr 2 (Matt Martin 4, Micheal Haley 2) at 12:41
2. Devils , Adam Pardy 1 (Darren Helm 4, Drew Stafford 7) at 15:33

Penalties :
Justin Schultz (NJD) for Hooking (Minor) at 2:19, Marc Staal (SJS) for Roughing (Minor) at 6:30, Nick Bjugstad (SJS) for Hooking (Minor) at 9:43, Matt Martin (SJS) for Roughing (Minor) at 18:05

2nd period

3. Sharks , Gabriel Dumont 1 (Chris Tanev 10, Marc Staal 6) at 3:14
4. Devils , Boyd Gordon 4 (Scott Wilson 4, Ales Hemsky 4) at 4:26

Penalties :
Marc Staal (SJS) for Hooking (Minor) at 15:48

3rd period

5. Devils , Adam Pardy 2 (Jakub Kindl 3, Drew Stafford 8) at 6:08
6. Sharks , Mikko Rantanen 5 (Charlie Coyle 9, Anze Kopitar 14) at 6:53 (PP)

Penalties :
Adam Pardy (NJD) for Holding Stick (Minor) at 6:49

Overtime #1

No Goal

Penalties :
No Penalty

Shootout

Penalty Shot by Anze Kopitar for Sharks - Stopped by Jon Gillies
Penalty Shot by Jordan Staal for Devils - Goal!
Penalty Shot by Sam Reinhart for Sharks - Stopped by Jon Gillies
Penalty Shot by Dustin Brown for Devils - Stopped by Louis Domingue
Penalty Shot by Charlie Coyle for Sharks - Goal!
Penalty Shot by Mike Cammalleri for Devils - Shot Misses the Net
Penalty Shot by Mikko Rantanen for Sharks - Shot Misses the Net
Penalty Shot by Darren Helm for Devils - Stopped by Louis Domingue
Penalty Shot by Travis Konecny for Sharks - Goal!
Penalty Shot by Nikolay Kulemin for Devils - Stopped by Louis Domingue

Penalties :
No Penalty

Goalie Stats

Louis Domingue (SJS), 26 saves from 29 shots - (0.897), W, 7-6-2, 65:00 minutes
Jon Gillies (NJD), 32 saves from 35 shots - (0.914), OTL, 2-2-2, 65:00 minutes

Players Stats for Sharks

Player Name              G  A  P  +/- PIM S  H  SB GA TA FO     MP     PP MP  PK MP  
------------------------------------------------------------------------------------
Andrej Sustr             1  0  1   0  0   4  0  0  0  0  0/0    16:24   1:05   1:22 
Anze Kopitar             0  1  1   0  0   3  0  0  0  0  13/24  21:09   0:58   0:24 
Charlie Coyle            0  1  1  -3  0   4  0  0  0  0  3/6    21:33   0:58   4:26 
Chris Tanev              0  1  1   1  0   0  2  0  0  0  0/0    21:14   1:05   2:55 
Esa Lindell              0  0  0  -2  0   0  1  2  0  0  0/0    24:18   0:00   2:51 
Gabriel Dumont           1  0  1   2  0   1  0  0  0  0  4/6     7:35   0:00   0:00 
Marc Staal               0  1  1   1  4   1  2  0  0  0  0/0    18:49   0:00   1:54 
Mark Pysyk               0  0  0   0  0   0  1  1  0  0  0/0    17:06   0:00   3:25 
Matt Martin              0  1  1   2  2   2  2  0  0  0  0/3     8:17   0:00   0:43 
Michael Chaput           0  0  0   0  0   1  0  0  0  0  9/18   11:43   0:00   0:00 
Micheal Haley            0  1  1   2  0   1  1  2  0  0  0/0     9:51   0:00   2:16 
Mikhail Grigorenko       0  0  0  -3  0   3  0  0  0  0  13/19  17:14   0:00   3:12 
Mikko Rantanen           1  0  1   0  0   6  1  0  0  0  1/1    21:16   0:58   0:45 
Nick Bjugstad            0  0  0  -3  2   2  1  0  0  0  0/1    15:06   1:05   0:00 
Sam Reinhart             0  0  0   0  0   3  2  1  0  0  0/3    20:32   0:58   0:00 
Seth Jones               0  0  0  -2  0   0  0  2  0  0  0/0    26:09   0:58   3:25 
Tom Wilson               0  0  0   0  0   3  4  0  0  0  0/0    16:06   1:05   4:06 
Travis Konecny           0  0  0   0  0   1  0  0  0  0  0/2    12:38   1:05   0:00 

Players Stats for Devils

Player Name              G  A  P  +/- PIM S  H  SB GA TA FO     MP     PP MP  PK MP  
------------------------------------------------------------------------------------
Adam Pardy               2  0  2   1  2   5  2  1  0  0  0/0    16:07   1:16   0:00 
Ales Hemsky              0  1  1   1  0   0  0  0  0  0  0/2    12:28   0:47   0:00 
Anton Stralman           0  0  0  -1  0   1  2  2  0  0  0/0    25:36   3:21   1:02 
Boyd Gordon              1  0  1   1  0   2  0  0  0  0  8/18   12:53   0:00   1:06 
Chris Terry              0  0  0   0  0   0  1  0  0  0  0/0    10:18   0:47   0:00 
Darren Helm              0  1  1   1  0   3  2  0  0  0  8/21   18:08   3:20   1:06 
Dougie Hamilton          0  0  0   1  0   2  1  1  0  0  0/0    21:37   3:48   1:15 
Drew Stafford            0  2  2   1  0   3  1  0  0  0  2/2    16:24   3:20   0:00 
Dustin Brown             0  0  0  -1  0   0  3  0  0  0  0/0    23:19   3:49   0:57 
Jakub Kindl              0  1  1   1  0   1  1  3  0  0  0/0    16:27   0:47   0:48 
Jordan Staal             0  0  0  -1  0   4  1  0  0  0  17/29  23:55   3:49   0:57 
Justin Schultz           0  0  0  -1  2   1  0  2  0  0  0/0    23:54   3:07   0:00 
Miikka Salomaki          0  0  0   0  0   0  1  0  0  0  0/0     9:47   0:00   0:00 
Mike Cammalleri          0  0  0  -1  0   3  0  0  0  0  0/0    22:38   3:49   0:00 
Nikolay Kulemin          0  0  0   1  0   1  1  0  0  0  1/2    16:18   3:20   0:00 
Pavel Zacha              0  0  0   0  0   1  0  0  0  0  4/9     9:47   0:00   0:00 
Scott Wilson             0  1  1   1  0   2  1  0  0  0  0/0    12:18   0:47   0:00 
Shayne Gostisbehere      0  0  0   1  0   0  0  1  0  0  0/0    21:01   3:33   1:01 

3 Stars

1 - Adam Pardy (NJD)
2 - Gabriel Dumont (SJS)
3 - Drew Stafford (NJD)

Power Play

Sharks - 1 on 2 Attempt(s) - 50.00%
Devils - 0 on 4 Attempt(s) - 0.00%

Penalty Kill

Sharks - 4 on 4 Attempt(s) - 100.00% - Score 0 goal in Penalty Kill
Devils - 1 on 2 Attempt(s) - 50.00% - Score 0 goal in Penalty Kill

Team Stat

Sharks - Hits : 17 - Faceoff Wins : 43 - Blocked Shots : 8 - Penalty Minutes : 8
Devils - Hits : 17 - Faceoff Wins : 40 - Blocked Shots : 10 - Penalty Minutes : 4

Official

Referees : Greg Kimmerly and Mike Hasenfratz
Linesman : Greg Devorski and Lonnie Cameron

Game Notes

No Game Note

Finance

Level 1 -- Attendance: 5939 (98.98%) -- Ticket Income 677 046 $
Level 2 -- Attendance: 3581 (71.62%) -- Ticket Income 304 385 $
Level 3 -- Attendance: 1892 (94.60%) -- Ticket Income 158 928 $
Level 4 -- Attendance: 3069 (84.66%) -- Ticket Income 67 518 $
Luxury Box -- Attendance: 851 (85.10%) -- Ticket Income 194 028 $
Game was played at the Prudential Center.
Total Attendance: 15332 (86.99%)
Total Ticket Income: 1 401 905 $
Other Income: 210 286 $
Total Income: 1 612 191 $

% Time on Ice - Sharks

Lines # - Real PCT - Wanted PCT - Time Play
Normal Forward
1 - 35% - 35% - 17:29
2 - 28% - 30% - 14:02
3 - 22% - 20% - 10:55
4 - 15% - 15% - 7:35
Normal Defense
1 - 39% - 40% - 19:17
2 - 34% - 33% - 16:57
3 - 27% - 27% - 13:41
4 - 0% - 0% - 0:06
PP Forward
1 - 47% - 62% - 0:58
2 - 53% - 38% - 1:05
PP Defense
1 - 47% - 67% - 0:58
2 - 53% - 33% - 1:05
PK Forward
1 - 61% - 55% - 4:50
2 - 39% - 45% - 3:06
PK Defense
1 - 59% - 60% - 4:41
2 - 41% - 40% - 3:15
PK3 Forward
1 - 0% - 55%
2 - 0% - 45%
PK3 Defense
1 - 0% - 60%
2 - 0% - 40%
44 Forward
1 - 0% - 55%
2 - 0% - 45%
44 Defense
1 - 0% - 60%
2 - 0% - 40%
Last Minute Offensive  - 0:00
Last Minute Defensive  - 0:00
Total
Forward - 60:00
Defense - 60:00

% Time on Ice - Devils

Lines # - Real PCT - Wanted PCT - Time Play
Normal Forward
1 - 33% - 40% - 16:37
2 - 24% - 30% - 12:06
3 - 23% - 20% - 11:31
4 - 20% - 10% - 9:47
Normal Defense
1 - 38% - 40% - 18:52
2 - 33% - 30% - 16:17
3 - 30% - 30% - 14:52
4 - 0% - 0% - 0:00
PP Forward
1 - 48% - 50% - 3:49
2 - 52% - 50% - 4:07
PP Defense
1 - 52% - 50% - 4:08
2 - 48% - 50% - 3:48
PK Forward
1 - 46% - 50% - 0:57
2 - 54% - 50% - 1:06
PK Defense
1 - 50% - 50% - 1:02
2 - 50% - 50% - 1:01
PK3 Forward
1 - 0% - 60%
2 - 0% - 40%
PK3 Defense
1 - 0% - 60%
2 - 0% - 40%
44 Forward
1 - 0% - 50%
2 - 0% - 50%
44 Defense
1 - 0% - 50%
2 - 0% - 50%
Last Minute Offensive  - 0:00
Last Minute Defensive  - 0:00
Total
Forward - 60:00
Defense - 60:00

Play by Play

1st period


0:01 of 1st period - Anze Kopitar wins face-off versus Jordan Staal in neutral zone.
0:30 of 1st period - Shot by Jordan Staal.
0:30 of 1st period - Stopped by Louis Domingue without a rebound.
0:31 of 1st period - Mikhail Grigorenko wins face-off versus Darren Helm in Sharks zone.
0:31 of 1st period - Charlie Coyle is hit by Drew Stafford and loses puck.
0:50 of 1st period - Icing by Charlie Coyle.
0:51 of 1st period - Boyd Gordon wins face-off versus Mikhail Grigorenko in Sharks zone.
0:54 of 1st period - Shot by Adam Pardy.
0:54 of 1st period - Stopped by Louis Domingue without a rebound.
0:55 of 1st period - Boyd Gordon wins face-off versus Michael Chaput in Sharks zone.
1:04 of 1st period - Icing by Jakub Kindl.
1:05 of 1st period - Boyd Gordon wins face-off versus Matt Martin in Devils zone.
1:05 of 1st period - Boyd Gordon is hit by Matt Martin.
1:10 of 1st period - Icing by Ales Hemsky.
1:11 of 1st period - Gabriel Dumont wins face-off versus Boyd Gordon in Devils zone.
1:15 of 1st period - Matt Martin is hit by Adam Pardy and loses puck.
1:34 of 1st period - Shot by Gabriel Dumont.
1:34 of 1st period - Shot Misses the Net.
1:40 of 1st period - Shot by Micheal Haley.
1:40 of 1st period - Stopped by Jon Gillies without a rebound.
1:41 of 1st period - Darren Helm wins face-off versus Michael Chaput in Devils zone.
1:41 of 1st period - Darren Helm is hit by Tom Wilson.
1:53 of 1st period - Shot by Drew Stafford.
1:53 of 1st period - Stopped by Louis Domingue without a rebound.
1:54 of 1st period - Mikhail Grigorenko wins face-off versus Jordan Staal in Sharks zone.
1:54 of 1st period - Mikhail Grigorenko is hit by Dustin Brown.
2:12 of 1st period - Shot by Mikhail Grigorenko.
2:12 of 1st period - Shot Misses the Net.
2:14 of 1st period - Shot by Chris Tanev.
2:14 of 1st period - Shot Misses the Net.
2:17 of 1st period - Charlie Coyle is hit by Anton Stralman and loses puck.
2:19 of 1st period - Minor Penalty to Justin Schultz for Hooking.
2:20 of 1st period - Boyd Gordon wins face-off versus Anze Kopitar in Devils zone.
3:08 of 1st period - Icing by Chris Tanev.
3:09 of 1st period - Jordan Staal wins face-off versus Travis Konecny in Sharks zone.
3:20 of 1st period - Shot by Nick Bjugstad.
3:20 of 1st period - Deflect By Tom Wilson.
3:20 of 1st period - Stopped by Jon Gillies with a rebound.
3:22 of 1st period - Shot by Andrej Sustr.
3:22 of 1st period - Stopped by Jon Gillies with a rebound.
3:24 of 1st period - Shot by Travis Konecny.
3:24 of 1st period - Deflect By Tom Wilson.
3:24 of 1st period - Stopped by Jon Gillies without a rebound.
3:25 of 1st period - Boyd Gordon wins face-off versus Travis Konecny in Devils zone.
3:54 of 1st period - Shot by Tom Wilson.
3:54 of 1st period - Shot Misses the Net.
4:50 of 1st period - Shot by Gabriel Dumont.
4:50 of 1st period - Shot Misses the Net.
4:52 of 1st period - Shot by Gabriel Dumont.
4:52 of 1st period - Deflect By Micheal Haley.
4:52 of 1st period - Shot Blocked by Jakub Kindl.
5:27 of 1st period - Shot by Anze Kopitar.
5:27 of 1st period - Stopped by Jon Gillies without a rebound.
5:28 of 1st period - Mikhail Grigorenko wins face-off versus Jordan Staal in Devils zone.
5:29 of 1st period - Shot by Charlie Coyle.
5:29 of 1st period - Shot Misses the Net.
5:57 of 1st period - Shot by Jordan Staal.
5:57 of 1st period - Stopped by Louis Domingue without a rebound.
5:58 of 1st period - Michael Chaput wins face-off versus Darren Helm in Sharks zone.
6:15 of 1st period - Shot by Darren Helm.
6:15 of 1st period - Stopped by Louis Domingue without a rebound.
6:16 of 1st period - Boyd Gordon wins face-off versus Anze Kopitar in Sharks zone.
6:19 of 1st period - Shot by Scott Wilson.
6:19 of 1st period - Shot Hit the Post.
6:24 of 1st period - Ales Hemsky is hit by Marc Staal and loses puck.
6:30 of 1st period - Minor Penalty to Marc Staal for Roughing.
6:31 of 1st period - Jordan Staal wins face-off versus Charlie Coyle in Sharks zone.
6:36 of 1st period - Shot by Dougie Hamilton.
6:36 of 1st period - Shot Misses the Net.
6:38 of 1st period - Shot by Mike Cammalleri.
6:38 of 1st period - Stopped by Louis Domingue with a rebound.
6:52 of 1st period - Shot by Shayne Gostisbehere.
6:52 of 1st period - Deflect By Mike Cammalleri.
6:52 of 1st period - Shot Misses the Net.
6:54 of 1st period - Shot by Mike Cammalleri.
6:54 of 1st period - Shot Misses the Net.
6:56 of 1st period - Shot by Dustin Brown.
6:56 of 1st period - Deflect By Jordan Staal.
6:56 of 1st period - Shot Misses the Net.
7:38 of 1st period - Shot by Nikolay Kulemin.
7:38 of 1st period - Shot Blocked by Micheal Haley.
8:20 of 1st period - Shot by Dougie Hamilton.
8:20 of 1st period - Shot Misses the Net.
8:44 of 1st period - Shot by Scott Wilson.
8:44 of 1st period - Stopped by Louis Domingue without a rebound.
8:45 of 1st period - Anze Kopitar wins face-off versus Pavel Zacha in Sharks zone.
9:37 of 1st period - Icing by Mark Pysyk.
9:38 of 1st period - Mikhail Grigorenko wins face-off versus Nikolay Kulemin in Sharks zone.
9:43 of 1st period - Minor Penalty to Nick Bjugstad for Hooking.
9:44 of 1st period - Drew Stafford wins face-off versus Charlie Coyle in Sharks zone.
9:49 of 1st period - Shot by Dougie Hamilton.
9:49 of 1st period - Stopped by Louis Domingue without a rebound.
9:50 of 1st period - Charlie Coyle wins face-off versus Darren Helm in Sharks zone.
10:06 of 1st period - Shot by Charlie Coyle.
10:06 of 1st period - Shot Misses the Net.
10:08 of 1st period - Shot by Marc Staal.
10:08 of 1st period - Stopped by Jon Gillies without a rebound.
10:09 of 1st period - Mikhail Grigorenko wins face-off versus Jordan Staal in Devils zone.
10:24 of 1st period - Shot by Justin Schultz.
10:24 of 1st period - Stopped by Louis Domingue with a rebound.
11:24 of 1st period - Shot by Nikolay Kulemin.
11:24 of 1st period - Shot Misses the Net.
11:42 of 1st period - Shot by Jordan Staal.
11:42 of 1st period - Stopped by Louis Domingue with a rebound.
11:44 of 1st period - Shot by Boyd Gordon.
11:44 of 1st period - Stopped by Louis Domingue without a rebound.
11:45 of 1st period - Anze Kopitar wins face-off versus Boyd Gordon in Sharks zone.
11:52 of 1st period - Shot by Mikko Rantanen.
11:52 of 1st period - Shot Blocked by Adam Pardy.
12:04 of 1st period - Shot by Anze Kopitar.
12:04 of 1st period - Stopped by Jon Gillies without a rebound.
12:05 of 1st period - Gabriel Dumont wins face-off versus Pavel Zacha in Devils zone.
12:05 of 1st period - Gabriel Dumont is hit by Dougie Hamilton.
12:07 of 1st period - Shot by Matt Martin.
12:07 of 1st period - Stopped by Jon Gillies without a rebound.
12:08 of 1st period - Jordan Staal wins face-off versus Gabriel Dumont in Devils zone.
12:13 of 1st period - Micheal Haley is hit by Jordan Staal and loses puck.
12:20 of 1st period - Anton Stralman is hit by Matt Martin and loses puck.
12:37 of 1st period - Shot by Matt Martin.
12:37 of 1st period - Stopped by Jon Gillies with a rebound.
12:39 of 1st period - Shot by Andrej Sustr.
12:39 of 1st period - Stopped by Jon Gillies with a rebound.
12:41 of 1st period - Shot by Andrej Sustr.
12:41 of 1st period - Goal by Andrej Sustr - Sharks : 1 - Devils : 0.
12:42 of 1st period - Anze Kopitar wins face-off versus Darren Helm in neutral zone.
12:51 of 1st period - Shot by Sam Reinhart.
12:51 of 1st period - Stopped by Jon Gillies without a rebound.
12:52 of 1st period - Mikhail Grigorenko wins face-off versus Ales Hemsky in Devils zone.
13:08 of 1st period - Shot by Scott Wilson.
13:08 of 1st period - Shot Misses the Net.
13:40 of 1st period - Icing by Scott Wilson.
13:41 of 1st period - Michael Chaput wins face-off versus Boyd Gordon in Devils zone.
13:47 of 1st period - Icing by Dougie Hamilton.
13:48 of 1st period - Boyd Gordon wins face-off versus Anze Kopitar in Devils zone.
14:26 of 1st period - Shot by Jordan Staal.
14:26 of 1st period - Shot Misses the Net.
14:38 of 1st period - Justin Schultz is hit by Mikko Rantanen and loses puck.
15:01 of 1st period - Shot by Darren Helm.
15:01 of 1st period - Stopped by Louis Domingue without a rebound.
15:02 of 1st period - Michael Chaput wins face-off versus Darren Helm in Sharks zone.
15:02 of 1st period - Michael Chaput is hit by Darren Helm.
15:14 of 1st period - Icing by Adam Pardy.
15:15 of 1st period - Mikhail Grigorenko wins face-off versus Darren Helm in Devils zone.
15:31 of 1st period - Shot by Darren Helm.
15:31 of 1st period - Shot Hit the Post.
15:33 of 1st period - Shot by Adam Pardy.
15:33 of 1st period - Goal by Adam Pardy - Sharks : 1 - Devils : 1.
15:34 of 1st period - Michael Chaput wins face-off versus Pavel Zacha in neutral zone.
16:03 of 1st period - Shot by Miikka Salomaki.
16:03 of 1st period - Shot Misses the Net.
16:48 of 1st period - Shot by Charlie Coyle.
16:48 of 1st period - Deflect By Mikhail Grigorenko.
16:48 of 1st period - Stopped by Jon Gillies without a rebound.
16:49 of 1st period - Mikko Rantanen wins face-off versus Jordan Staal in Devils zone.
17:39 of 1st period - Dustin Brown is hit by Chris Tanev and loses puck.
18:05 of 1st period - Minor Penalty to Matt Martin for Roughing.
18:06 of 1st period - Charlie Coyle wins face-off versus Darren Helm in Sharks zone.
Goals for this period are 1 for Sharks vs 1 for Devils.
Shots for this period are 13 for Sharks vs 13 for Devils.

2nd period


0:01 of 2nd period - Darren Helm wins face-off versus Charlie Coyle in neutral zone.
0:13 of 2nd period - Shot by Mike Cammalleri.
0:13 of 2nd period - Shot Misses the Net.
0:43 of 2nd period - Shot by Mike Cammalleri.
0:43 of 2nd period - Stopped by Louis Domingue without a rebound.
0:44 of 2nd period - Mikhail Grigorenko wins face-off versus Darren Helm in Sharks zone.
0:52 of 2nd period - Off-side.
0:53 of 2nd period - Michael Chaput wins face-off versus Boyd Gordon in neutral zone.
1:20 of 2nd period - Shot by Michael Chaput.
1:20 of 2nd period - Shot Blocked by Anton Stralman.
1:22 of 2nd period - Shot by Travis Konecny.
1:22 of 2nd period - Shot Misses the Net.
1:24 of 2nd period - Shot by Travis Konecny.
1:24 of 2nd period - Shot Misses the Net.
1:26 of 2nd period - Shot by Michael Chaput.
1:26 of 2nd period - Shot Hit the Post.
1:55 of 2nd period - Shot by Mikhail Grigorenko.
1:55 of 2nd period - Deflect By Charlie Coyle.
1:55 of 2nd period - Shot Misses the Net.
2:42 of 2nd period - Shot by Sam Reinhart.
2:42 of 2nd period - Shot Blocked by Jakub Kindl.
3:04 of 2nd period - Shot by Micheal Haley.
3:04 of 2nd period - Shot Misses the Net.
3:06 of 2nd period - Shot by Matt Martin.
3:06 of 2nd period - Shot Misses the Net.
3:14 of 2nd period - Shot by Gabriel Dumont.
3:14 of 2nd period - Goal by Gabriel Dumont - Sharks : 2 - Devils : 1.
3:15 of 2nd period - Michael Chaput wins face-off versus Jordan Staal in neutral zone.
3:18 of 2nd period - Shot by Travis Konecny.
3:18 of 2nd period - Stopped by Jon Gillies without a rebound.
3:19 of 2nd period - Jordan Staal wins face-off versus Michael Chaput in Devils zone.
4:24 of 2nd period - Shot by Scott Wilson.
4:24 of 2nd period - Stopped by Louis Domingue with a rebound.
4:26 of 2nd period - Shot by Boyd Gordon.
4:26 of 2nd period - Goal by Boyd Gordon - Sharks : 2 - Devils : 2.
4:27 of 2nd period - Pavel Zacha wins face-off versus Anze Kopitar in neutral zone.
4:30 of 2nd period - Mikko Rantanen is hit by Miikka Salomaki and loses puck.
4:39 of 2nd period - Shot by Sam Reinhart.
4:39 of 2nd period - Stopped by Jon Gillies with a rebound.
4:45 of 2nd period - Shot by Anze Kopitar.
4:45 of 2nd period - Shot Misses the Net.
5:01 of 2nd period - Shot by Anze Kopitar.
5:01 of 2nd period - Shot Misses the Net.
5:03 of 2nd period - Shot by Anze Kopitar.
5:03 of 2nd period - Shot Misses the Net.
5:05 of 2nd period - Shot by Sam Reinhart.
5:05 of 2nd period - Deflect By Mikko Rantanen.
5:05 of 2nd period - Stopped by Jon Gillies without a rebound.
5:06 of 2nd period - Mikhail Grigorenko wins face-off versus Boyd Gordon in Devils zone.
5:56 of 2nd period - Shot by Dustin Brown.
5:56 of 2nd period - Shot Misses the Net.
5:58 of 2nd period - Shot by Dustin Brown.
5:58 of 2nd period - Shot Misses the Net.
6:00 of 2nd period - Shot by Adam Pardy.
6:00 of 2nd period - Stopped by Louis Domingue with a rebound.
6:02 of 2nd period - Shot by Dustin Brown.
6:02 of 2nd period - Shot Misses the Net.
6:04 of 2nd period - Shot by Jordan Staal.
6:04 of 2nd period - Stopped by Louis Domingue without a rebound.
6:05 of 2nd period - Anze Kopitar wins face-off versus Darren Helm in Sharks zone.
6:05 of 2nd period - Anze Kopitar is hit by Nikolay Kulemin.
6:11 of 2nd period - Shot by Mikko Rantanen.
6:11 of 2nd period - Shot Blocked by Shayne Gostisbehere.
7:52 of 2nd period - Shot by Boyd Gordon.
7:52 of 2nd period - Shot Misses the Net.
7:54 of 2nd period - Shot by Scott Wilson.
7:54 of 2nd period - Shot Misses the Net.
9:21 of 2nd period - Shot by Charlie Coyle.
9:21 of 2nd period - Stopped by Jon Gillies with a rebound.
9:23 of 2nd period - Shot by Mikhail Grigorenko.
9:23 of 2nd period - Shot Blocked by Dougie Hamilton.
9:35 of 2nd period - Shot by Charlie Coyle.
9:35 of 2nd period - Shot Misses the Net.
9:37 of 2nd period - Shot by Mikhail Grigorenko.
9:37 of 2nd period - Stopped by Jon Gillies without a rebound.
9:38 of 2nd period - Drew Stafford wins face-off versus Anze Kopitar in Devils zone.
9:56 of 2nd period - Icing by Esa Lindell.
9:57 of 2nd period - Anze Kopitar wins face-off versus Jordan Staal in Sharks zone.
10:10 of 2nd period - Seth Jones is hit by Dustin Brown and loses puck.
10:24 of 2nd period - Off-side.
10:25 of 2nd period - Mikhail Grigorenko wins face-off versus Darren Helm in neutral zone.
10:42 of 2nd period - Icing by Adam Pardy.
10:43 of 2nd period - Darren Helm wins face-off versus Matt Martin in Devils zone.
10:54 of 2nd period - Shot by Drew Stafford.
10:54 of 2nd period - Stopped by Louis Domingue with a rebound.
11:03 of 2nd period - Off-side.
11:04 of 2nd period - Jordan Staal wins face-off versus Mikhail Grigorenko in neutral zone.
11:24 of 2nd period - Shot by Charlie Coyle.
11:24 of 2nd period - Shot Misses the Net.
11:26 of 2nd period - Shot by Andrej Sustr.
11:26 of 2nd period - Shot Blocked by Justin Schultz.
11:28 of 2nd period - Shot by Andrej Sustr.
11:28 of 2nd period - Shot Blocked by Justin Schultz.
11:30 of 2nd period - Shot by Nick Bjugstad.
11:30 of 2nd period - Stopped by Jon Gillies without a rebound.
11:31 of 2nd period - Boyd Gordon wins face-off versus Sam Reinhart in Devils zone.
11:33 of 2nd period - Icing by Scott Wilson.
11:34 of 2nd period - Anze Kopitar wins face-off versus Ales Hemsky in Devils zone.
12:06 of 2nd period - Anze Kopitar is hit by Scott Wilson and loses puck.
13:08 of 2nd period - Chris Tanev is hit by Dustin Brown and loses puck.
13:45 of 2nd period - Shot by Nikolay Kulemin.
13:45 of 2nd period - Shot Blocked by Mark Pysyk.
13:52 of 2nd period - Drew Stafford is hit by Mark Pysyk.
15:48 of 2nd period - Minor Penalty to Marc Staal for Hooking.
15:49 of 2nd period - Charlie Coyle wins face-off versus Darren Helm in Sharks zone.
16:07 of 2nd period - Shot by Darren Helm.
16:07 of 2nd period - Stopped by Louis Domingue with a rebound.
16:11 of 2nd period - Shot by Justin Schultz.
16:11 of 2nd period - Shot Blocked by Seth Jones.
16:36 of 2nd period - Dougie Hamilton is hit by Micheal Haley and loses puck.
17:36 of 2nd period - Chris Tanev is hit by Chris Terry and loses puck.
18:03 of 2nd period - Shot by Mikko Rantanen.
18:03 of 2nd period - Stopped by Jon Gillies without a rebound.
18:04 of 2nd period - Jordan Staal wins face-off versus Michael Chaput in Devils zone.
18:06 of 2nd period - Icing by Dougie Hamilton.
18:07 of 2nd period - Jordan Staal wins face-off versus Anze Kopitar in Devils zone.
18:26 of 2nd period - Shot by Mikko Rantanen.
18:26 of 2nd period - Shot Misses the Net.
18:28 of 2nd period - Shot by Mikko Rantanen.
18:28 of 2nd period - Stopped by Jon Gillies without a rebound.
18:29 of 2nd period - Darren Helm wins face-off versus Michael Chaput in Devils zone.
18:29 of 2nd period - Darren Helm is hit by Tom Wilson.
19:11 of 2nd period - Icing by Travis Konecny.
19:12 of 2nd period - Pavel Zacha wins face-off versus Michael Chaput in Sharks zone.
19:19 of 2nd period - Shot by Chris Terry.
19:19 of 2nd period - Shot Misses the Net.
19:22 of 2nd period - Icing by Esa Lindell.
19:23 of 2nd period - Jordan Staal wins face-off versus Michael Chaput in Sharks zone.
19:48 of 2nd period - Shot by Mikhail Grigorenko.
19:48 of 2nd period - Stopped by Jon Gillies without a rebound.
19:49 of 2nd period - Anze Kopitar wins face-off versus Boyd Gordon in Devils zone.
Goals for this period are 1 for Sharks vs 1 for Devils.
Shots for this period are 10 for Sharks vs 7 for Devils.

3rd period


0:01 of 3rd period - Mikhail Grigorenko wins face-off versus Jordan Staal in neutral zone.
0:10 of 3rd period - Shot by Nick Bjugstad.
0:10 of 3rd period - Stopped by Jon Gillies without a rebound.
0:11 of 3rd period - Darren Helm wins face-off versus Anze Kopitar in Devils zone.
0:11 of 3rd period - Nikolay Kulemin is hit by Sam Reinhart and loses puck.
0:31 of 3rd period - Anze Kopitar is hit by Jakub Kindl and loses puck.
1:03 of 3rd period - Icing by Esa Lindell.
1:04 of 3rd period - Jordan Staal wins face-off versus Nick Bjugstad in Sharks zone.
1:07 of 3rd period - Shot by Mike Cammalleri.
1:07 of 3rd period - Stopped by Louis Domingue without a rebound.
1:08 of 3rd period - Gabriel Dumont wins face-off versus Jordan Staal in Sharks zone.
2:10 of 3rd period - Ales Hemsky is hit by Chris Tanev and loses puck.
2:47 of 3rd period - Shot by Pavel Zacha.
2:47 of 3rd period - Shot Misses the Net.
2:53 of 3rd period - Shot by Anze Kopitar.
2:53 of 3rd period - Shot Misses the Net.
3:13 of 3rd period - Shot by Sam Reinhart.
3:13 of 3rd period - Stopped by Jon Gillies without a rebound.
3:14 of 3rd period - Michael Chaput wins face-off versus Darren Helm in Devils zone.
3:17 of 3rd period - Shot by Tom Wilson.
3:17 of 3rd period - Stopped by Jon Gillies without a rebound.
3:18 of 3rd period - Michael Chaput wins face-off versus Jordan Staal in Devils zone.
3:49 of 3rd period - Shot by Tom Wilson.
3:49 of 3rd period - Shot Misses the Net.
4:06 of 3rd period - Jordan Staal is hit by Sam Reinhart and loses puck.
4:13 of 3rd period - Shot by Sam Reinhart.
4:13 of 3rd period - Shot Misses the Net.
4:47 of 3rd period - Shot by Shayne Gostisbehere.
4:47 of 3rd period - Shot Misses the Net.
4:51 of 3rd period - Shot by Nikolay Kulemin.
4:51 of 3rd period - Shot Misses the Net.
4:53 of 3rd period - Shot by Dougie Hamilton.
4:53 of 3rd period - Stopped by Louis Domingue without a rebound.
4:54 of 3rd period - Mikhail Grigorenko wins face-off versus Boyd Gordon in Sharks zone.
5:01 of 3rd period - Shot by Charlie Coyle.
5:01 of 3rd period - Stopped by Jon Gillies with a rebound.
5:10 of 3rd period - Icing by Seth Jones.
5:11 of 3rd period - Pavel Zacha wins face-off versus Mikhail Grigorenko in Sharks zone.
5:14 of 3rd period - Shot by Chris Terry.
5:14 of 3rd period - Shot Blocked by Esa Lindell.
5:28 of 3rd period - Shot by Pavel Zacha.
5:28 of 3rd period - Shot Misses the Net.
5:34 of 3rd period - Shot by Pavel Zacha.
5:34 of 3rd period - Stopped by Louis Domingue with a rebound.
6:02 of 3rd period - Shot by Drew Stafford.
6:02 of 3rd period - Shot Misses the Net.
6:04 of 3rd period - Shot by Jakub Kindl.
6:04 of 3rd period - Shot Misses the Net.
6:06 of 3rd period - Shot by Adam Pardy.
6:06 of 3rd period - Stopped by Louis Domingue with a rebound.
6:08 of 3rd period - Shot by Adam Pardy.
6:08 of 3rd period - Goal by Adam Pardy - Sharks : 2 - Devils : 3.
6:09 of 3rd period - Anze Kopitar wins face-off versus Boyd Gordon in neutral zone.
6:23 of 3rd period - Off-side.
6:24 of 3rd period - Jordan Staal wins face-off versus Gabriel Dumont in neutral zone.
6:49 of 3rd period - Minor Penalty to Adam Pardy for Holding Stick.
6:50 of 3rd period - Anze Kopitar wins face-off versus Boyd Gordon in Devils zone.
6:53 of 3rd period - Shot by Mikko Rantanen.
6:53 of 3rd period - Goal by Mikko Rantanen - Sharks : 3 - Devils : 3.
6:54 of 3rd period - Darren Helm wins face-off versus Sam Reinhart in neutral zone.
7:06 of 3rd period - Chris Tanev is hit by Darren Helm and loses puck.
7:10 of 3rd period - Chris Tanev is hit by Anton Stralman and loses puck.
7:35 of 3rd period - Icing by Marc Staal.
7:36 of 3rd period - Anze Kopitar wins face-off versus Jordan Staal in Sharks zone.
8:20 of 3rd period - Off-side.
8:21 of 3rd period - Mikhail Grigorenko wins face-off versus Boyd Gordon in neutral zone.
10:49 of 3rd period - Shot by Jordan Staal.
10:49 of 3rd period - Shot Misses the Net.
10:51 of 3rd period - Shot by Anton Stralman.
10:51 of 3rd period - Stopped by Louis Domingue without a rebound.
10:52 of 3rd period - Darren Helm wins face-off versus Mikhail Grigorenko in Sharks zone.
11:13 of 3rd period - Shot by Drew Stafford.
11:13 of 3rd period - Stopped by Louis Domingue without a rebound.
11:14 of 3rd period - Jordan Staal wins face-off versus Matt Martin in Sharks zone.
11:55 of 3rd period - Icing by Dustin Brown.
11:56 of 3rd period - Jordan Staal wins face-off versus Mikhail Grigorenko in Devils zone.
12:22 of 3rd period - Shot by Charlie Coyle.
12:22 of 3rd period - Stopped by Jon Gillies without a rebound.
12:23 of 3rd period - Anze Kopitar wins face-off versus Darren Helm in Devils zone.
12:46 of 3rd period - Shot by Mikko Rantanen.
12:46 of 3rd period - Stopped by Jon Gillies with a rebound.
12:48 of 3rd period - Shot by Mark Pysyk.
12:48 of 3rd period - Shot Misses the Net.
12:50 of 3rd period - Shot by Sam Reinhart.
12:50 of 3rd period - Shot Misses the Net.
12:52 of 3rd period - Shot by Mikko Rantanen.
12:52 of 3rd period - Deflect By Anze Kopitar.
12:52 of 3rd period - Shot Misses the Net.
12:54 of 3rd period - Shot by Andrej Sustr.
12:54 of 3rd period - Stopped by Jon Gillies without a rebound.
12:55 of 3rd period - Michael Chaput wins face-off versus Pavel Zacha in Devils zone.
13:44 of 3rd period - Shot by Charlie Coyle.
13:44 of 3rd period - Shot Blocked by Jakub Kindl.
14:16 of 3rd period - Icing by Dustin Brown.
14:17 of 3rd period - Jordan Staal wins face-off versus Anze Kopitar in Devils zone.
14:22 of 3rd period - Shot by Mike Cammalleri.
14:22 of 3rd period - Shot Misses the Net.
14:38 of 3rd period - Shot by Dustin Brown.
14:38 of 3rd period - Shot Misses the Net.
15:03 of 3rd period - Icing by Justin Schultz.
15:04 of 3rd period - Pavel Zacha wins face-off versus Michael Chaput in Devils zone.
15:04 of 3rd period - Pavel Zacha is hit by Tom Wilson.
15:23 of 3rd period - Shot by Travis Konecny.
15:23 of 3rd period - Shot Misses the Net.
15:45 of 3rd period - Travis Konecny is hit by Adam Pardy.
15:50 of 3rd period - Nikolay Kulemin is hit by Tom Wilson and loses puck.
16:01 of 3rd period - Shot by Nikolay Kulemin.
16:01 of 3rd period - Shot Blocked by Esa Lindell.
17:27 of 3rd period - Shot by Mikko Rantanen.
17:27 of 3rd period - Deflect By Anze Kopitar.
17:27 of 3rd period - Stopped by Jon Gillies without a rebound.
17:28 of 3rd period - Gabriel Dumont wins face-off versus Pavel Zacha in Devils zone.
17:53 of 3rd period - Shot by Pavel Zacha.
17:53 of 3rd period - Shot Blocked by Micheal Haley.
17:55 of 3rd period - Shot by Jakub Kindl.
17:55 of 3rd period - Stopped by Louis Domingue without a rebound.
17:56 of 3rd period - Jordan Staal wins face-off versus Anze Kopitar in Sharks zone.
18:12 of 3rd period - Icing by Anton Stralman.
18:13 of 3rd period - Jordan Staal wins face-off versus Mikhail Grigorenko in Devils zone.
18:13 of 3rd period - Jordan Staal is hit by Nick Bjugstad.
18:44 of 3rd period - Mike Cammalleri is hit by Esa Lindell and loses puck.
19:23 of 3rd period - Shot by Darren Helm.
19:23 of 3rd period - Shot Misses the Net.
19:56 of 3rd period - Scott Wilson is hit by Marc Staal.
Goals for this period are 1 for Sharks vs 1 for Devils.
Shots for this period are 9 for Sharks vs 8 for Devils.

Overtime #1


0:01 of 1st overtime period - Anze Kopitar wins face-off versus Jordan Staal in neutral zone.
0:13 of 1st overtime period - Shot by Anze Kopitar.
0:13 of 1st overtime period - Deflect By Charlie Coyle.
0:13 of 1st overtime period - Shot Blocked by Anton Stralman.
0:15 of 1st overtime period - Shot by Charlie Coyle.
0:15 of 1st overtime period - Shot Misses the Net.
0:19 of 1st overtime period - Shot by Charlie Coyle.
0:19 of 1st overtime period - Stopped by Jon Gillies without a rebound.
0:20 of 1st overtime period - Jordan Staal wins face-off versus Sam Reinhart in Devils zone.
0:41 of 1st overtime period - Shot by Mike Cammalleri.
0:41 of 1st overtime period - Shot Blocked by Sam Reinhart.
0:43 of 1st overtime period - Shot by Jordan Staal.
0:43 of 1st overtime period - Shot Misses the Net.
0:45 of 1st overtime period - Shot by Jordan Staal.
0:45 of 1st overtime period - Shot Misses the Net.
1:55 of 1st overtime period - Icing by Dustin Brown.
1:56 of 1st overtime period - Darren Helm wins face-off versus Michael Chaput in Devils zone.
2:15 of 1st overtime period - Shot by Michael Chaput.
2:15 of 1st overtime period - Stopped by Jon Gillies with a rebound.
3:42 of 1st overtime period - Shot by Mikko Rantanen.
3:42 of 1st overtime period - Stopped by Jon Gillies without a rebound.
3:43 of 1st overtime period - Nikolay Kulemin wins face-off versus Anze Kopitar in Devils zone.
3:50 of 1st overtime period - Shot by Shayne Gostisbehere.
3:50 of 1st overtime period - Shot Misses the Net.
3:52 of 1st overtime period - Shot by Shayne Gostisbehere.
3:52 of 1st overtime period - Deflect By Nikolay Kulemin.
3:52 of 1st overtime period - Stopped by Louis Domingue without a rebound.
3:53 of 1st overtime period - Jordan Staal wins face-off versus Anze Kopitar in Sharks zone.
4:08 of 1st overtime period - Shot by Mike Cammalleri.
4:08 of 1st overtime period - Shot Blocked by Seth Jones.
4:46 of 1st overtime period - Shot by Mikko Rantanen.
4:46 of 1st overtime period - Shot Misses the Net.
Goals for this period are 0 for Sharks vs 0 for Devils.
Shots for this period are 3 for Sharks vs 1 for Devils.

ShootOut


5:00 of 1st overtime period - Penalty Shot by Anze Kopitar for Sharks.
5:00 of 1st overtime period - Stopped by Jon Gillies.
5:00 of 1st overtime period - Penalty Shot by Jordan Staal for Devils.
5:00 of 1st overtime period - Goal by Jordan Staal.
5:00 of 1st overtime period - Penalty Shot by Sam Reinhart for Sharks.
5:00 of 1st overtime period - Stopped by Jon Gillies.
5:00 of 1st overtime period - Penalty Shot by Dustin Brown for Devils.
5:00 of 1st overtime period - Stopped by Louis Domingue.
5:00 of 1st overtime period - Penalty Shot by Charlie Coyle for Sharks.
5:00 of 1st overtime period - Goal by Charlie Coyle.
5:00 of 1st overtime period - Penalty Shot by Mike Cammalleri for Devils.
5:00 of 1st overtime period - Shot Misses the Net.
5:00 of 1st overtime period - Penalty Shot by Mikko Rantanen for Sharks.
5:00 of 1st overtime period - Shot Misses the Net.
5:00 of 1st overtime period - Penalty Shot by Darren Helm for Devils.
5:00 of 1st overtime period - Stopped by Louis Domingue.
5:00 of 1st overtime period - Penalty Shot by Travis Konecny for Sharks.
5:00 of 1st overtime period - Goal by Travis Konecny.
5:00 of 1st overtime period - Penalty Shot by Nikolay Kulemin for Devils.
5:00 of 1st overtime period - Stopped by Louis Domingue.